 Dungeon Crawl Stone Soup version 0.26.1-11-gd32895ea62 (webtiles) character file.

Game seed: 17805718206657669629

72 Descartes the Sneak (level 4, 0/19 HPs)
             Began as a Felid Transmuter on May 29, 2021.
             Slain by Robin
             ... wielding a +0 dagger
              (5 damage)
             ... on level 3 of the Dungeon.
             The game lasted 00:05:48 (3414 turns).

Descartes the Sneak (Felid Transmuter)              Turns: 3414, Time: 00:05:48

Health: 0/19       AC:  1    Str:  7    XL:     4   Next: 7%
Magic:  8/8        EV: 22    Int: 14    God:
Gold:   97         SH:  0    Dex: 16    Spells: 6/7 levels left
                                        Lives:  0   Deaths: 1

rFire    . . .     SeeInvis +     - Unarmed
rCold    . . .     Faith    .   (shield unavailable)
rNeg     . . .     Spirit   .   (armour unavailable)
rPois    .         Reflect  .   (helmet unavailable)
rElec    .         Harm     .   (cloak unavailable)
rCorr    .         Rampage  .   (gloves unavailable)
Will     .....                  (boots unavailable)
Stlth    ++++......             (no amulet)
HPRegen  0.06/turn              o - +4 ring of evasion
MPRegen  0.11/turn              (no ring)

@: quick
A: very small, no armour, no weapons or thrown items, stealth, claws 1, fangs 3,
see invisible, speed 1, shaggy fur 1, sharp paws
a: no special abilities


You were on level 3 of the Dungeon.
You visited 1 branch of the dungeon, and saw 3 of its levels.

You collected 97 gold pieces.

Inventory:

Jewellery
 o - a +4 ring of evasion (left paw)
Wands
 n - a wand of random effects (11)
Scrolls
 a - 3 scrolls of identify {unknown}
 c - 4 scrolls of amnesia {unknown}
 e - a scroll of remove curse {unknown}
 g - a scroll of immolation {unknown}
 h - 2 scrolls of enchant armour {unknown}
 j - a scroll of noise {unknown}
 p - a scroll of enchant weapon {unknown}
Potions
 b - 2 potions of resistance {unknown}
 d - 3 potions of mutation {unknown}
 f - a potion of curing {unknown}
 i - 2 potions of brilliance {unknown}
 k - a potion of cancellation {unknown}
 l - a potion of lignification {unknown}
 m - 2 potions of degeneration {unknown}


   Skills:
 - Level 1.0 Fighting
 + Level 2.7 Dodging
 + Level 6.2 Stealth
 + Level 3.5 Unarmed Combat
 - Level 2.0 Spellcasting
 - Level 2.1 Transmutations


You had 6 spell levels left.
You knew the following spells:

 Your Spells              Type           Power        Failure   Level
a - Beastly Appendage     Tmut           14%          10%         1

Your spell library contained the following spells:

 Spells                   Type           Power        Failure   Level
 Wereblood                Tmut           7%           14%         2
 Spider Form              Tmut/Pois      2%           41%         3
 Ice Form                 Ice/Tmut       4%           83%         4
 Blade Hands              Tmut           3%           95%         5


Dungeon Overview and Level Annotations

Branches:
Dungeon (3/15)

Altars:
Nemelex Xobeh

Annotations:
D:2 Sigmund
D:3 Robin


Innate Abilities, Weirdness & Mutations

You cannot wear armour.
You are incapable of wielding weapons or throwing items.
Your paws allow you to move quietly. (Stealth)
You have sharp claws.
You have razor-sharp teeth.
You have supernaturally acute eyesight. (SInv)
You cover ground quickly.
You are covered in fur. (AC +1)
Your sharp claws are effective at attacking unaware monsters.


Message History

Robin closely misses you.
You see here a +0 club.
Robin hits you with a +0 dagger.
* * * LOW HITPOINT WARNING * * *
You see here a +0 club.
Your horns disappear.
Robin completely misses you.
You scratch Robin.
Robin is lightly wounded.
Robin hits you but does no damage.
You closely miss Robin. You bite Robin.
Robin is moderately wounded.
Robin completely misses you.
You scratch Robin.
Robin is heavily wounded.
Robin misses you.
You closely miss Robin.
Robin is heavily wounded.
Robin hits you with a +0 dagger.
You die...

#.....†...# #...#
#.......).###...#
#######....##...#
#....##...#
#gg......
####.##...#
#..gg... #......#
#.g.... ####.###
#.....
#.#####g...
#.@g.#


ggg ####.###g# #.))#.# ###.#g# #†#.# #.#.# #.#.# #.#.# #...# You could see
Robin.

Vanquished Creatures
  A gnoll (D:1)
  3 adders
  2 oozes
  3 dart slugs
  A leopard gecko (D:3)
  9 orcs (D:3)
  6 bats
  6 giant cockroaches
  10 hobgoblins
  3 jackals (D:3)
  4 kobolds
  5 frilled lizards
  9 goblins
  12 rats
74 creatures vanquished.

Vanquished Creatures (others)
  A plant (D:1)
1 creature vanquished.

Grand Total: 75 creatures vanquished

Notes
Turn   | Place    | Note
-------+----------+-------------------------------------------
     0 | D:1      | Descartes the Felid Transmuter began the quest for the Orb.
     0 | D:1      | Reached XP level 1. HP: 9/9 MP: 4/4
    22 | D:1      | Reached skill level 1 in Stealth
    89 | D:1      | Reached skill level 2 in Stealth
   104 | D:1      | Reached XP level 2. HP: 3/12 MP: 4/6
   401 | D:1      | Reached skill level 3 in Stealth
   489 | D:1      | Reached skill level 4 in Stealth
   663 | D:1      | Reached XP level 3. HP: 15/15 MP: 5/7
  1693 | D:2      | Reached skill level 5 in Stealth
  1739 | D:2      | Reached XP level 4. HP: 19/19 MP: 6/8
  1941 | D:2      | Noticed Sigmund
  2265 | D:2      | Found a faded altar of an unknown god.
  2289 | D:2      | Found a sparkling altar of Nemelex Xobeh.
  2757 | D:3      | Reached skill level 6 in Stealth
  3154 | D:3      | Killed from afar by an orc wizard
  3155 | D:3      | Reached XP level 3. HP: -4/15 MP: 7/7
  3364 | D:3      | Noticed Robin
  3389 | D:3      | Reached XP level 4. HP: 17/19 MP: 8/8
  3414 | D:3      | Slain by Robin

Illustrated notes

Levels and vault maps discovered:
D:1:      psy_arrival_wood_between_worlds, layout_rooms, serial_bayou_lagoon_a,
          nrook_mini_backslash, minmay_misc_feat_alley, minmay_bisected
D:2:      layout_loops_ring, nemelex_xobeh_ov_fountains_minmay,
          chequers_ecumenical_altar_grove, uniq_sigmund
D:3:      layout_basic, st_stairs_3, uniq_robin, uniq_natasha, uniq_grinder

Skill      XL: |  1  2  3  4 |
---------------+-------------+-----
Stealth        | 2 4 5 6 |  6.2
Fighting       | |  1.0
Dodging        | |  2.7
Unarmed Combat | |  3.5
Spellcasting   | |  2.0
Transmutations | |  2.1

Action                   |  1- 3 |  4- 6 || total
-------------------------+-------+-------++-------
Melee: Unarmed           |   107 |    98 ||   205
       Bite              |     7 |     7 ||    14
       Headbutt          |     9 |     6 ||    15
       Punch             |     2 |       ||     2
 Cast: Beastly Appendage |    23 |    24 ||    47
 Stab: Sleeping          |     7 |     4 ||    11
Armor: Skin              |     7 |     4 ||    11
Dodge: Dodged            |    81 |    81 ||   162
